Map: New Repugnancy LE

Players

Pepe - Winner!

  • Race: Protoss Protoss
  • League: Platinum
  • Spawn Location: 7:00

Gabriel

  • Race: Protoss Protoss
  • League: Gold
  • Spawn Location: 1:00

VOD

Have the link to the VOD?

Description

Time

  • Played on: April 30, 2019, 7:05 a.m.
  • Length: 12:27
Show
View Real Time Build Order
Export as new Build Order

Pepe Protoss - Winner!

Build Orders: Phoenix Opening 

Get SALT Encoding   

  12  0:01  Probe  
  13  0:13  Probe  
  14  0:20  Pylon  
  14  0:25  Probe  
  15  0:38  Probe  
  15  0:40  Gateway  
  16  0:50  Probe, Assimilator  
  17  0:58  Probe  
  18  1:07  Probe  
  19  1:16  Pylon, Probe  
  20  1:28  Probe  
  21  1:37  Cybernetics Core  
  21  1:40  Probe  
  21  1:44  Pylon  
  22  1:52  Probe  
  23  2:05  Probe  
  24  2:10  Pylon  
  24  2:12  Assimilator  
  24  2:14  Stalker  
  26  2:15  Warp Gate  
  26  2:17  Probe  
  27  2:30  Probe  
  28  2:43  Probe  
  29  2:44  Nexus  
  29  2:46  Sentry  
  29  2:49  Gateway  
  31  3:00  Probe  
  31  3:01  Robotics Facility  
  32  3:10  Pylon  
  32  3:12  Probe  
  33  3:28  Probe, Stalker  
  36  3:38  Phoenix  
  36  3:43  Probe  
  36  3:45  Stalker  
  39  3:55  Pylon  
  39  3:56  Observer  
  39  3:58  Stalker  
  39  4:00  Probe  
  39  4:01  Probe  
  44  4:08  Probe  
  44  4:13  Probe  
  44  4:15  Stalker  
  44  4:16  Probe  
  48  4:20  Gateway  
  48  4:22  Forge  
  49  4:25  Probe  
  50  4:40  Probe x2  
  52  4:46  Pylon  
  52  4:49  Pylon  
  52  4:51  Stalker  
  52  4:52  Probe x2  
  55  4:55  Observer  
  55  4:56  Protoss Ground Weapons Level 1  
  57  5:03  Twilight Council  
  57  5:04  Forge  
  57  5:07  Probe x2  
  57  5:12  Assimilator  
  59  5:16  Observer, Assimilator  
  59  5:18  Stalker  
  59  5:19  Probe x2  
  64  5:23  Stalker  
  66  5:32  Stalker  
  68  5:40  Protoss Shields Level 1  
  68  6:00  Zealot x2  
  68  6:01  Zealot  
  74  6:04  Pylon  
  74  6:08  Pylon, Blink  
  74  6:21  Zealot x2  
  74  6:22  Zealot  
  80  6:30  Gateway  
  80  6:31  Gateway  
  80  6:35  Pylon  
  80  6:37  Pylon  
  80  6:57  Protoss Ground Weapons Level 2  
  80  6:59  Pylon  
  80  7:01  Zealot  
  80  7:02  Zealot x2  
  80  7:04  Immortal  
  90  7:25  Stalker x3  
  90  7:26  Stalker x2  
  100  7:44  Immortal  
  104  7:51  Pylon  
  104  7:53  Pylon  
  104  8:03  Stalker x5  
  114  8:20  Pylon  
  114  8:24  Observer  
  114  8:30  Stalker x2  
  114  8:31  Stalker x3  
  124  8:54  Zealot x2  
  131  9:03  Photon Cannon  
  131  9:15  Photon Cannon  
  91  10:24  Nexus  
  91  10:30  Pylon  
  91  10:32  Pylon  
  91  10:36  Observer  
  91  10:51  Observer  
  91  11:11  Observer  
  90  11:54  Forge  
  88  12:02  Observer  
Show
View Real Time Build Order
Export as new Build Order

Gabriel Protoss 

Build Orders:  

Get SALT Encoding   

  12  0:01  Probe  
  13  0:13  Probe  
  14  0:32  Probe  
  15  0:37  Pylon  
  15  0:55  Probe  
  15  0:56  Gateway  
  16  1:00  Gateway  
  16  1:05  Probe  
  17  1:11  Assimilator  
  17  1:13  Probe  
  17  1:15  Pylon  
  18  1:22  Probe  
  18  1:23  Assimilator  
  19  1:35  Probe  
  20  1:43  Zealot  
  20  1:47  Zealot  
  20  1:50  Cybernetics Core  
  24  1:58  Probe  
  25  2:09  Warp Gate  
  25  2:19  Probe  
  26  2:30  Gateway  
  26  2:31  Stalker  
  28  2:37  Probe  
  29  2:56  Pylon  
  29  3:07  Stalker  
  31  3:20  Nexus  
  31  3:27  Shield Battery  
  31  3:38  Probe  
  32  3:41  Robotics Facility  
  32  3:50  Probe  
  33  3:55  Twilight Council  
  33  4:02  Probe  
  34  4:17  Pylon  
  34  4:18  Blink  
  34  4:19  Stalker  
  34  4:20  Stalker  
  38  4:30  Probe  
  39  4:38  Probe  
  39  4:41  Warp Prism  
  42  4:48  Probe  
  43  4:52  Dark Shrine  
  43  5:00  Probe  
  43  5:03  Assimilator  
  44  5:07  Pylon  
  44  5:11  Probe  
  44  5:12  Probe  
  46  5:22  Probe  
  46  5:23  Probe  
  48  5:30  Probe  
  49  5:39  Probe  
  49  5:40  Gateway  
  50  5:43  Probe  
  50  5:44  Gateway  
  50  5:45  Gateway  
  51  5:51  Probe  
  52  5:58  Shield Battery  
  52  5:59  Charge  
  52  6:00  Assimilator  
  52  6:03  Probe  
  52  6:04  Probe  
  54  6:11  Dark Templar x2  
  54  6:12  Dark Templar  
  54  6:15  Probe  
  54  6:17  Probe  
  62  6:24  Pylon  
  62  6:27  Probe  
  63  6:36  Pylon  
  63  6:39  Probe  
  64  6:55  Dark Templar  
  66  7:03  Probe  
  66  7:05  Stalker x3  
  66  7:06  Stalker  
  75  7:15  Probe  
  76  7:17  Pylon  
  76  7:24  Forge  
  76  7:29  Zealot x3  
  82  7:30  Zealot  
  82  7:31  Probe  
  85  7:45  Pylon  
  85  7:47  Pylon  
  85  8:07  Protoss Ground Weapons Level 1  
  85  8:10  Gateway  
  85  8:12  Gateway  
  85  8:15  Gateway  
  85  8:20  Gateway  
  85  8:25  Probe  
  85  8:33  Probe  
  87  8:42  Probe  
  87  8:45  Nexus  
  87  8:46  Pylon  
  88  8:54  Probe  
  89  9:04  Dark Templar x2  
  89  9:05  Dark Templar x2  
  89  9:06  Dark Templar x2  
  101  9:16  Stalker x4  
  96  9:42  Stalker x3  
  96  9:43  Stalker x3  
  96  9:45  Stalker x2  
  97  10:09  Pylon  
  97  10:11  Pylon  
  91  10:25  Pylon  
  76  10:31  Pylon  
Tags
 
Add a new tag
Caveats
  • Supply blocks, unpowered buildings, or Contaminate may cause inaccurate times.
  • Supply counts are checked every 10 seconds.